 Dungeon Sprint DCSS version 0.17-a0-2171-ga91b4ec (webtiles) character file.

590 Kidiri the Fighter (level 7, 0/69 HPs)
             Began as a Minotaur Fighter on Oct 25, 2015.
             Was a Believer of Okawaru.
             Slain by a snapping turtle (16 damage)
             ... in the Dungeon (Sprint VII: "The Pits").
             The game lasted 00:03:54 (682 turns).

Kidiri the Fighter (Minotaur Fighter)                Turns: 682, Time: 00:03:54

Health: 0/69       AC: 12    Str: 23    XL:     7   Next: 16%
Magic:  7/9        EV: 14    Int:  5    God:    Okawaru [**....]
Gold:   0          SH: 13    Dex:  9    Spells: 0 memorised, 6 levels left

rFire  . . .     SeeInvis .     a - +1 hand axe (chop)
rCold  . . .     Clarity  .     b - +3 scale mail
rNeg   . . .     SustAt   .     c - +0 shield
rPois  .         Gourm    .     (helmet restricted)
rElec  .         Spirit   .     (no cloak)
rCorr  .         Warding  .     (no gloves)
rMut   .         NoTele   +     (no boots)
MR     .....                    (no amulet)
Stlth  +.........               (no ring)
                                (no ring)

@: heroism, not resistant to hostile enchantments, very unstealthy
A: retaliatory headbutt, horns 2
a: Heroism, Renounce Religion


You were in the Dungeon.
You worshipped Okawaru.
Okawaru was pleased with you.
You were not hungry.

You visited 1 branch

Inventory:

Hand Weapons
 a - a +1 hand axe of chopping (weapon)
 s - a +0 hand axe of electrocution
Armour
 b - a +3 scale mail (worn)
 c - a +0 shield (worn)
Scrolls
 k - a scroll of blinking
 o - 3 scrolls of remove curse
 p - 5 scrolls of amnesia
 q - a scroll of summoning
Potions
 d - a potion of might
 f - 6 potions of curing
 g - 4 potions of heal wounds
 h - a potion of haste
 i - 4 potions of magic
 j - 3 potions of berserk rage
 n - 2 potions of invisibility
Comestibles
 e - 8 bread rations
 l - 40 fruits
 m - 7 meat rations
 r - 5 chunks of flesh


   Skills:
 * Level 8.5(13.5) Fighting
 * Level 8.2(13.2) Axes
 + Level 4.2(9.2) Throwing
 * Level 8.4(13.4) Armour
 * Level 6.9(11.9) Dodging
 * Level 8.1(13.1) Shields
 + Level 4.0 Invocations


You had 6 spell levels left.
You didn't know any spells.

Dungeon Overview and Level Annotations

Branches:
Dungeon (1/1)

Altars:
Ashenzari
Cheibriados
Dithmenos
Elyvilon
Fedhas
Gozag
Kikubaaqudgha
Makhleb
Nemelex Xobeh
Okawaru
Qazlal
Ru
Sif Muna
Trog
Vehumet
Xom
Yredelemnul
Zin
The Shining One
Beogh
Jiyva
Lugonu


Innate Abilities, Weirdness & Mutations

You reflexively headbutt those who attack you in melee.
You have a pair of horns on your head.


Message History

You slash the snapping turtle!
You headbutt the snapping turtle, but do no damage.
The snapping turtle is heavily wounded.
You block the snapping turtle's attack.
You hit the snapping turtle.
You headbutt the snapping turtle, but do no damage.
The snapping turtle is heavily wounded.
You hit the snapping turtle but do no damage.
You headbutt the snapping turtle, but do no damage.
The snapping turtle is heavily wounded.
The snapping turtle barely misses you.
You hit the snapping turtle but do no damage.
The snapping turtle is heavily wounded.
The snapping turtle bites you!
* * * LOW HITPOINT WARNING * * *
You hit the snapping turtle.
Your headbutt misses the snapping turtle.
The snapping turtle is heavily wounded.
The snapping turtle bites you!
You die...

#.##+#..#+###...<...#
#.#........##.......#
#.#........##.......#
#'###########.......#
#)).....#..##########
#.).#...#.######
#...#...#)#....#
#.##.##.#+#....#
#...#...#%@t...+
#...#...#+#....#
#.......+.#....#
################


You could see a snapping turtle.

Vanquished Creatures
  A wraith (D)
  A flying skull (D)
  A gnoll sergeant (D)
  A hound (D)
  An orc wizard (D)
  An iron imp (D)
  A hell rat (D)
  6 gnolls (D)
  An adder (D)
  A river rat (D)
  A white imp (D)
  A giant eyeball (D)
  An ooze (D)
  3 orcs (D)
  A bat (D)
  2 hobgoblins (D)
  2 kobolds (D)
  A quokka (D)
  A ball python (D)
  A jackal zombie (D)
  A rat (D)
30 creatures vanquished.

Notes
Turn   | Place    | Note
--------------------------------------------------------------
     0 | D        | Kidiri the Minotaur Fighter began the quest for the Orb.
     0 | D        | Reached XP level 1. HP: 19/19 MP: 0/0
    49 | D        | Found a sacrificial altar of Ru.
    49 | D        | Found a basalt altar of Yredelemnul.
    49 | D        | Found a shadowy altar of Dithmenos.
    49 | D        | Found a deep blue altar of Sif Muna.
    49 | D        | Found a burning altar of Makhleb.
    49 | D        | Found a shimmering altar of Xom.
    49 | D        | Found an ancient bone altar of Kikubaaqudgha.
    49 | D        | Found a sparkling altar of Nemelex Xobeh.
    50 | D        | Found a glowing golden altar of the Shining One.
    50 | D        | Found a bloodstained altar of Trog.
    50 | D        | Found a shattered altar of Ashenzari.
    50 | D        | Found a white marble altar of Elyvilon.
    50 | D        | Found a snail-covered altar of Cheibriados.
    50 | D        | Found a blossoming altar of Fedhas.
    50 | D        | Found a radiant altar of Vehumet.
    50 | D        | Found a glowing silver altar of Zin.
    50 | D        | Found a corrupted altar of Lugonu.
    50 | D        | Found a viscous altar of Jiyva.
    50 | D        | Found a roughly hewn altar of Beogh.
    50 | D        | Found an iron altar of Okawaru.
    56 | D        | Found a stormy altar of Qazlal.
    57 | D        | Found an opulent altar of Gozag.
    59 | D        | Became a worshipper of Warmaster Okawaru
    77 | D        | Reached skill level 4 in Fighting
    77 | D        | Reached skill level 1 in Dodging
    77 | D        | Reached XP level 2. HP: 22/27 MP: 1/1
    78 | D        | Reached skill level 1 in Throwing
   127 | D        | Reached skill level 1 in Invocations
   258 | D        | Noticed a gnoll sergeant
   261 | D        | Noticed an iron imp
   264 | D        | Noticed a hound
   265 | D        | Reached XP level 3. HP: 23/34 MP: 2/2
   279 | D        | Killed a gnoll sergeant
   279 | D        | Reached * piety under Okawaru
   279 | D        | Reached skill level 5 in Fighting
   279 | D        | Reached skill level 5 in Axes
   279 | D        | Reached skill level 5 in Armour
   279 | D        | Reached skill level 5 in Shields
   279 | D        | Reached XP level 4. HP: 17/44 MP: 2/4
   285 | D        | Killed a hound
   285 | D        | Reached skill level 6 in Fighting
   285 | D        | Reached XP level 5. HP: 18/50 MP: 2/5
   291 | D        | Killed an iron imp
   307 | D        | Reached skill level 5 in Dodging
   470 | D        | Noticed a flying skull
   486 | D        | Killed a flying skull
   486 | D        | Reached skill level 7 in Fighting
   486 | D        | Reached XP level 6. HP: 44/61 MP: 5/7
   570 | D        | Noticed a hell rat
   574 | D        | Killed a hell rat
   574 | D        | Reached ** piety under Okawaru
   626 | D        | Noticed an orc wizard
   630 | D        | Killed an orc wizard
   630 | D        | Reached skill level 8 in Fighting
   654 | D        | Noticed a snapping turtle
   654 | D        | Noticed a wraith
   661 | D        | Killed a wraith
   661 | D        | Reached XP level 7. HP: 65/69 MP: 5/9
   682 | D        | Slain by a snapping turtle

Vault maps used:
D:        pitsprint

Action                   |  1- 3 |  4- 6 |  7- 9 || total
-------------------------+-------+-------+-------++-------
Melee: Hand axe          |    31 |    58 |    20 ||   109
       War axe           |     1 |       |       ||     1
Invok: Heroism           |       |     3 |       ||     3
  Use: Potion            |     1 |     1 |       ||     2
